 Dungeon Crawl Stone Soup version 0.17-a0-1564-g7b572aa (webtiles) character file.

2291 Econoterrorist the Carver (level 9, -6/81 HPs)
             Began as a Minotaur Fighter on July 21, 2015.
             Mangled by UristMcKoga's ghost (15 damage)
             ... on level 7 of the Dungeon.
             The game lasted 00:20:39 (8976 turns).

Econoterrorist the Carver (Minotaur Fighter)        Turns: 8976, Time: 00:20:39

Health: -6/81      AC:  9    Str: 20    XL:     9   Next: 17%
Magic:  7/7        EV:  7    Int:  8    God:
Gold:   313        SH:  9    Dex: 11    Spells: 0 memorised, 8 levels left

rFire  . . .     SeeInvis .     B - +2 falchion (flame)
rCold  . . .     Clarity  .     b - +0 scale mail
rNeg   . . .     SustAt   .     c - +0 shield
rPois  .         Gourm    .     (helmet restricted)
rElec  .         Spirit   .     A - +0 cloak
rCorr  .         Warding  .     y - +0 pair of gloves
rMut   .         Stasis   .     (no boots)
MR     .....                    (no amulet)
Stlth  ..........               (no ring)
                                r - ring of flight

@: not resistant to hostile enchantments, extremely unstealthy
A: retaliatory headbutt, hooves 1, horns 2, low mp 1
a: Evoke Flight


You were on level 7 of the Dungeon.
You were hungry.

You visited 2 branches of the dungeon, and saw 8 of its levels.
You also visited: Sewer.

You collected 313 gold pieces.

Inventory:

Hand weapons
 B - a +2 falchion of flaming (weapon)
Missiles
 D - 2 throwing nets (quivered)
Armour
 b - a +0 scale mail (worn)
 c - a +0 shield (worn)
 y - a +0 pair of gloves (worn)
 A - a +0 cloak (worn)
Jewellery
 r - a ring of flight (left hand)
Magical devices
 l - a wand of fire (0)
Scrolls
 d - a scroll of magic mapping {unknown}
 f - 2 scrolls of noise
 g - a scroll of immolation {unknown}
 j - 8 scrolls of identify
 k - a scroll of blinking {unknown}
 o - 3 scrolls of remove curse
 q - a scroll of teleportation
 t - a scroll of amnesia
 v - 2 scrolls of fog {unknown}
 x - a scroll of enchant weapon {unknown}
 z - a scroll of recharging {unknown}
 C - a scroll of random uselessness {unknown}
 E - a scroll of enchant armour {unknown}
Potions
 a - 2 potions of cure mutation {unknown}
 h - a potion of mutation {unknown}
 i - a potion of agility {unknown}
 m - a potion of magic {unknown}
 n - 2 potions of brilliance {unknown}
 w - 3 potions of flight
 F - 2 potions of degeneration {unknown}
Comestibles
 e - 4 bread rations
 s - a meat ration


   Skills:
 + Level 7.9 Fighting
 * Level 12.6 Long Blades
 - Level 3.6 Armour
 - Level 3.6 Shields


You had 8 spell levels left.
You didn't know any spells.

Dungeon Overview and Level Annotations

Branches:
Dungeon (7/15)             Temple (1/1) D:6

Altars:
Cheibriados
Dithmenos
Elyvilon
Gozag
Kikubaaqudgha
Nemelex Xobeh
Qazlal
Ru
Trog
Vehumet
Xom
Yredelemnul
Zin
The Shining One

Shops:
D:6 (

Annotations:
D:7 UristMcKoga's ghost, experienced DsSk


Innate Abilities, Weirdness & Mutations

You reflexively headbutt those who attack you in melee.
You have a pair of horns on your head.
You have large cloven feet.
Your magical capacity is low (-10% MP).


Message History

Your kick misses UristMcKoga's ghost.
UristMcKoga's ghost is almost destroyed.
UristMcKoga's ghost is no longer regenerating.
UristMcKoga's ghost hits you.
* * * LOW HITPOINT WARNING * * *
You are electrocuted!
* * * LOW HITPOINT WARNING * * *
Drink which item? (? for menu, Esc to quit)
You feel better. You block UristMcKoga's ghost's attack.
You closely miss UristMcKoga's ghost. You headbutt UristMcKoga's ghost!
UristMcKoga's ghost is almost destroyed.
Drink which item? (? for menu, Esc to quit)
Okay, then.
You hit UristMcKoga's ghost but do no damage.
UristMcKoga's ghost is almost destroyed.
UristMcKoga's ghost hits you but does no damage.
UristMcKoga's ghost's shroud bends your attack away.
UristMcKoga's ghost hits you but does no damage.
You are electrocuted!
You die...

.. ... ########... ..
(.......... ... ..........
### ....
.......#########@####....
..(....#.......#W........
......
....รท......##........#......
...#....##.#................
...#.............<........(.
...#.......#................


You could see UristMcKoga's ghost.

Vanquished Creatures
  The ghost of UristMcKoga the Ducker, an experienced NaWr of Vehumet (D:5)
  Grinder (D:3)
  Prince Ribbit (D:6)
  A wraith (D:7)
  Sigmund (D:3)
  Eustachio (D:5)
  A water moccasin (D:6)
  A black bear (D:7)
  An ice beast (D:6)
  An ogre (D:6)
  A sky beast (D:6)
  A giant frog (D:6)
  A big kobold (Sewer)
  A scorpion (D:6)
  A crimson imp (D:6)
  A giant frog skeleton (D:5)
  An orc priest (D:5)
  Ijyb (D:3)
  2 worker ants
  An iguana (D:5)
  2 orc wizards
  5 adders
  7 gnolls
  A river rat (Sewer)
  A shadow imp (D:3)
  4 oozes
  4 worms
  2 adder skeletons
  2 giant geckos (D:3)
  8 orcs
  7 bats
  A bat skeleton (D:7)
  A bat zombie (D:5)
  9 giant cockroaches
  9 goblins
  13 hobgoblins
  10 jackals
  5 ball pythons
  A giant gecko skeleton (D:4)
  5 giant newts
  14 kobolds
  A quokka (D:4)
  19 rats
152 creatures vanquished.

Notes
Turn   | Place    | Note
--------------------------------------------------------------
     0 | D:1      | Econoterrorist the Minotaur Fighter began the quest for the Orb.
     0 | D:1      | Reached XP level 1. HP: 19/19 MP: 0/0
   378 | D:1      | Reached XP level 2. HP: 24/26 MP: 1/1
   940 | D:2      | Reached skill level 4 in Long Blades
  1157 | D:2      | Reached XP level 3. HP: 27/31 MP: 2/2
  1911 | D:3      | Found a glowing drain.
  1933 | Sewer    | Entered a sewer
  1946 | Sewer    | Reached skill level 5 in Long Blades
  2084 | Sewer    | Reached XP level 4. HP: 35/39 MP: 3/3
  2090 | Sewer    | Noticed a big kobold
  2102 | Sewer    | Killed a big kobold
  2102 | Sewer    | Reached skill level 6 in Long Blades
  2114 | Sewer    | Found a glowing silver altar of Zin.
  2287 | D:3      | Reached XP level 5. HP: 30/45 MP: 4/4
  2688 | D:3      | Noticed Ijyb
  2694 | D:3      | Killed Ijyb
  2694 | D:3      | Reached skill level 7 in Long Blades
  2883 | D:3      | Noticed Grinder
  2888 | D:3      | Noticed Sigmund
  2905 | D:3      | Killed Sigmund
  2905 | D:3      | Reached skill level 8 in Long Blades
  2905 | D:3      | Reached XP level 6. HP: 39/51 MP: 5/5
  2912 | D:3      | Paralysed by Grinder for 2 turns
  2915 | D:3      | Killed Grinder
  2915 | D:3      | Reached skill level 9 in Long Blades
  2915 | D:3      | Reached XP level 7. HP: 29/60 MP: 6/6
  3150 | D:3      | Found an ancient bone altar of Kikubaaqudgha.
  4156 | D:5      | Entered Level 5 of the Dungeon
  4156 | D:5      | Noticed UristMcKoga's ghost (experienced NaWr)
  4588 | D:5      | Found a shadowy altar of Dithmenos.
  4686 | D:5      | Reached skill level 5 in Fighting
  4754 | D:5      | Noticed Eustachio
  5112 | D:5      | Reached skill level 10 in Long Blades
  5285 | D:5      | Killed Eustachio
  6033 | D:5      | Found Letrufryulo's Book Shoppe.
  6144 | D:5      | Reached XP level 8. HP: 68/70 MP: 7/7
  6295 | D:5      | Killed UristMcKoga's ghost
  6295 | D:5      | Reached skill level 11 in Long Blades
  6548 | D:6      | Found a staircase to the Ecumenical Temple.
  6562 | Temple   | Entered the Ecumenical Temple
  6677 | D:6      | Gained mutation: You have large cloven feet. [mutagenic meat]
  6678 | D:6      | Gained mutation: Your magical capacity is low (-10% MP). [mutagenic meat]
  7193 | D:6      | Found Widub's Antique Weapon Shoppe.
  7619 | D:7      | Noticed UristMcKoga's ghost (experienced DsSk)
  8309 | D:7      | Noticed Prince Ribbit
  8327 | D:6      | Killed Prince Ribbit
  8327 | D:6      | Reached skill level 12 in Long Blades
  8441 | D:7      | Reached XP level 9. HP: 76/79 MP: 7/7
  8972 | D:7      | HP: 2/81 [UristMcKoga's ghost (9)]
  8976 | D:7      | Mangled by UristMcKoga's ghost

Vault maps used:
D:1:      dpeg_arrival_circle_labyrinth_a
D:3:      nicolae_overflow_hidden_temple, first_bread, serial_glass,
          glass_columns_a, glass_columns_c, portal_sewer_entry_b,
          small_statue_intersection, uniq_iyjb, uniq_grinder, uniq_sigmund
D:5:      nicolae_dithmenos_the_darkroom, serial_shops, shop_statue,
          serial_bayou_lagoon_a, uniq_eustachio
D:6:      minmay_temple_entry_overgrown, serial_shops,
          nicolae_shop_window_shopping, st_stairs_11
D:7:      kennysheep_mini, gammafunk_temple_overflow_wave, the_bakery,
          hangedman_decor_riveting, nicolae_qazlal_style_of_elements,
          uniq_prince_ribbit1, uniq_crazy_yiuf_cottage
Temple:   jpeg_temple_clearing_12
Sewer:    sewer_kobolds

Action                   |  1- 3 |  4- 6 |  7- 9 || total
-------------------------+-------+-------+-------++-------
Melee: Long sword        |   117 |    86 |   171 ||   374
       Falchion          |       |       |   351 ||   351
Evoke: Wand              |       |       |     5 ||     5
  Use: Potion            |       |     3 |     3 ||     6
       Scroll            |       |       |     5 ||     5
  Eat: Chunk             |     4 |     2 |    11 ||    17
       Fruit             |       |       |     4 ||     4
       Royal jelly       |       |       |     2 ||     2
       Pizza             |       |       |     2 ||     2
